 Dungeon Crawl Stone Soup version 0.21.0-25-ge575cb9 (webtiles) character file.

279212 zhorgal the Brawler (level 19, -25/204 HPs)
             Began as a Troll Gladiator on Jan 20, 2018.
             Was the Champion of Yredelemnul.
             Killed from afar by an ancient lich (62 damage)
             ... with a bolt of lightning
             ... on level 5 of the Vaults on Jan 25, 2018.
             The game lasted 04:27:48 (40334 turns).

zhorgal the Brawler (Troll Gladiator)              Turns: 40334, Time: 04:27:49

Health: -25/204    AC: 25    Str: 27    XL:     19   Next: 65%
Magic:  0/26       EV: 12    Int:  5    God:    Yredelemnul [******]
Gold:   2653       SH: 19    Dex: 16    Spells: 5/18 levels left

rFire    . . .     SeeInvis .     - Unarmed
rCold    . . .     Gourm    +   C - +0 large shield {AC+3}
rNeg     . . .     Faith    .   P - +1 shadow dragon scales
rPois    +         Spirit   +   b - +1 hat
rElec    .         Reflect  .   y - +2 cloak {rPois}
rCorr    .         Harm     .   (gloves unavailable)
MR       +++..                  (boots unavailable)
Stlth    ++........             v - amulet of guardian spirit
HPRegen  0.84/turn              q - ring of protection from magic
MPRegen  0.20/turn              R - ring of protection from magic

@: hasted, drained, very quick
A: large, unfitting armour, claws 3, fast metabolism 3, gourmand, regeneration
1, shaggy fur 1, tough skin 2
}: 2/15 runes: barnacled, gossamer
a: Recall Undead Slaves, Injury Mirror, Animate Dead, Drain Life, Enslave Soul,
Renounce Religion


You were on level 5 of the Vaults.
You worshipped Yredelemnul.
Yredelemnul was exalted by your worship.
You were very hungry.

You visited 6 branches of the dungeon, and saw 36 of its levels.
You visited 1 bazaar.
You also visited: Ice Cave.

You collected 3304 gold pieces.
You spent 651 gold pieces at shops.

Inventory:

Missiles
 c - 11 throwing nets
 T - 56 large rocks (quivered)
Armour
 b - a +1 hat (worn)
 y - a +2 cloak of poison resistance (worn)
 C - a +0 large shield of protection (worn)
 P - +1 shadow dragon scales (worn)
 Q - a +2 robe of magic resistance
Jewellery
 q - a ring of protection from magic (left claw)
 v - an amulet of guardian spirit (around neck)
 B - the ring "Putemm" {Str-4 Dex+6 SInv}
   (You found it on level 5 of the Dungeon)

   [ring of see invisible]

   It affects your strength (-4).
   It affects your dexterity (+6).
   It lets you see invisible.
 D - an uncursed amulet of regeneration
 M - the ring "Iheiha Roe" {rN+++ MR- Dex+3 Slay+4}
   (You found it on level 6 of the Lair of Beasts)

   [ring of slaying]

   It affects your dexterity (+3).
   It affects your accuracy and damage with ranged weapons and melee attacks
   (+4).
   It renders you almost immune to negative energy.
   It affects your resistance to hostile enchantments.
 R - a ring of protection from magic (right claw)
 W - an uncursed ring of resist corrosion
 Z - an uncursed ring of protection from cold
Wands
 a - a wand of scattershot (4)
 w - a wand of paralysis (37)
 F - a wand of enslavement (57)
 G - a wand of acid (12)
 J - a wand of polymorph (64)
 K - a wand of digging (34)
 L - a wand of iceblast (10)
 N - a wand of disintegration (6)
Scrolls
 e - 13 scrolls of teleportation
 g - 5 scrolls of fear
 j - 6 scrolls of fog
 l - 3 scrolls of summoning
 m - 2 scrolls of magic mapping
 n - 12 scrolls of enchant armour
 o - 7 scrolls of blinking
 r - 22 scrolls of remove curse
 O - 5 scrolls of identify {@r1}
 U - 3 scrolls of immolation
Potions
 f - 5 potions of might
 h - 10 potions of agility
 i - 2 potions of haste
 k - 4 potions of ambrosia
 p - 10 potions of curing
 s - 5 potions of lignification
 t - a potion of cancellation
 u - 2 potions of invisibility
 z - 7 potions of heal wounds
 A - 4 potions of brilliance
 E - 4 potions of mutation
 H - 4 potions of resistance
 S - a potion of magic
Miscellaneous
 I - a fan of gales
 V - a lightning rod (4/4)
Comestibles
 d - 71 rations


   Skills:
 + Level 15.8(15.4) Fighting
 - Level 1.7(1.4) Throwing
 + Level 9.3(8.9) Armour
 + Level 12.4(11.9) Dodging
 + Level 10.2(9.8) Shields
 * Level 17.5(17.0) Unarmed Combat
 - Level 11.1(10.7) Invocations
 - Level 10.0(9.6) Evocations


You had 5 spell levels left.
You knew the following spells:

 Your Spells              Type           Power        Failure   Level  Hunger
a - Blink                 Tloc           N/A          100%        2    ###....
b - Summon Butterflies    Summ           #.......     100%        1    ##.....
c - Beastly Appendage     Tmut           #.....       100%        1    ##.....
d - Passwall              Tmut/Erth      #.........   100%        2    ###....
e - Lesser Beckoning      Tloc           #.........   100%        3    ####...
f - Passage of Golubria   Tloc           N/A          100%        4    #####..


Dungeon Overview and Level Annotations

Branches:
Dungeon (15/15)            Temple (0/1) D:7            Lair (6/6) D:10
 Shoals (4/4) Lair:4       Spider (4/4) Lair:4        Slime (0/5) Lair:5
    Orc (2/2) D:10            Elf (0/3) Orc:2        Vaults (5/5) D:14
  Crypt (0/3) Vaults:2     Depths (0/5) D:15

Altars:
Ashenzari
Cheibriados
Dithmenos
Fedhas
Hepliaklqana
Kikubaaqudgha
Qazlal
Uskayaw
Wu Jian
Xom
Yredelemnul
The Shining One
Beogh

Shops:
D:8 *   D:9 :   D:13 %   Orc:2 !(?(   Shoals:2 (

Annotations:
D:12 exclusions: hungry ghost and obsidian statue
Lair:1 exclusion: oklob plant


Innate Abilities, Weirdness & Mutations

You are too large for most types of armour.
You have claws for hands.
Your metabolism is lightning-fast.
You like to eat raw meat.
Your natural rate of healing is unusually fast.
You are covered in fur. (AC +1)
You have very tough skin. (AC +2)


Message History

The ancient lich gestures at you while chanting.
The bolt of lightning hits you!
* * * LOW HITPOINT WARNING * * *
The bolt of lightning hits the war gargoyle.
The war gargoyle resists.
You take 30 damage, and have 48/204 hp.
Your shadow dragon scales prevents you from hitting the ancient lich.
The war gargoyle hits you with a great mace of crushing!!
* * * LOW HITPOINT WARNING * * *
x2 You block the ancient lich's attack.
You take 22 damage, and have 26/204 hp.
You feel much better. You block the ancient lich's attack.
The war gargoyle hits you with a great mace of crushing!!
* * * LOW HITPOINT WARNING * * *
x2 You take 3 damage, and have 23/204 hp.
You now have 0/26 mp.
You feel much better.
The ancient lich points at you and mumbles some strange words.
The bolt of lightning hits you!
You die...
Your body rises from the dead as a mindless zombie.

#.......,,,,,,,,,,,
#....)#############
#......((..........
#...........(......
#.(#..#############
#..#..#,,,,,,,,,,,,
#.(#..#,,,,,,,,,,,,
#.L#..#************
#.@#...,,,,,,,,,,,,
#.9#...=,,,,,,,,,,,
#..#..##***********
#..#..#,,,,,,,,,,,,
#..#,,*,,,,,,,,,,,,
#..#,,*************
#..#,,,,,,,,,,,,,,,
#..#,,,,,,,,,,,,,,,
#..#,,*************


You could see an ancient lich and a war gargoyle.

Vanquished Creatures
  Jory (Vaults:2)
  Gastronok (D:9)
  A titan (Vaults:5)
  A kraken (Shoals:1)
  Polyphemus (Shoals:3)
  A sphinx (Vaults:1)
  A storm dragon (shapeshifter) (Vaults:5)
  A storm dragon (Vaults:4)
  A fire giant (Vaults:3)
  5 vault wardens
  A ghost moth (Spider:4)
  The ghost of Stelteck the Sharpshooter, a journeyman MiHu of Okawaru (Orc:2)
  A very ugly thing (Vaults:1)
  2 stone giants
  5 ironheart preservers
  2 entropy weavers
  3 ettins
  A merfolk javelineer (Shoals:2)
  A merfolk impaler (Shoals:2)
  Snorg (Orc:1)
  5 yaktaur captains
  9 vault guards
  2 merfolk avatars (Shoals:4)
  5 hydras
  A catoblepas (Shoals:3)
  7 centaur warriors
  An ogre mage (Vaults:4)
  Erica (D:10)
  2 dancing weapons (D:14)
  4 death yaks
  An alligator snapping turtle (Shoals:3)
  A merfolk aquamancer (Shoals:4)
  9 two-headed ogres
  A death knight (D:14)
  2 deep troll earth magi (Vaults:3)
  4 orc high priests (Orc:2)
  2 tengu warriors (D:15)
  A deep elf knight (Vaults:3)
  A fire crab (Lair:5)
  3 skeletal warriors
  2 sea snakes
  A swamp dragon (shapeshifter) (Vaults:1)
  3 deep trolls (Vaults:2)
  A wizard (Vaults:1)
  An unseen horror (D:12)
  8 ironbrand convokers
  3 deep elf archers
  A wolf spider zombie (D:14)
  A harpy (Shoals:4)
  12 orc knights
  5 deep elf magi
  2 necromancers
  4 orb spiders
  3 ugly things
  19 wolf spiders
  An oklob plant (Lair:1)
  An orange crystal statue (Vaults:2)
  7 orc sorcerers
  A faun (Shoals:1)
  6 cyclopes
  2 manticores (Shoals:1)
  2 moths of wrath
  An elephant (Lair:6)
  4 ice statues (IceCv)
  A black mamba (Lair:6)
  6 merfolk sirens
  Maurice (D:9)
  4 vault sentinels
  3 centaur zombies
  2 torpor snails
  A water nymph (Shoals:3)
  The ghost of sankara the Chiller, a novice DrIE (D:4)
  11 spiny frogs
  2 gargoyles
  6 centaur skeletons
  4 kobold demonologists
  3 demonic crawlers
  3 komodo dragons
  A rime drake (Lair:6)
  14 yaktaurs
  10 ice devils (IceCv)
  2 freezing wraiths
  A merfolk (shapeshifter) (Vaults:4)
  A queen bee (Lair:3)
  A tengu conjurer (D:15)
  A jumping spider (shapeshifter) (Vaults:3)
  A troll (shapeshifter) (Vaults:5)
  12 jumping spiders
  10 merfolk
  2 wind drakes (Shoals:4)
  3 polar bears (Lair:6)
  4 trolls
  5 blink frogs
  A stone giant simulacrum (Vaults:1)
  9 hornets
  4 dream sheep
  23 slime creatures
  2 snapping turtles
  9 hippogriffs
  24 redbacks
  8 spriggans
  A spriggan (shapeshifter) (Vaults:3)
  7 wraiths
  A shadow (D:15)
  3 water elementals
  3 wyverns
  10 tarantellas
  2 basilisks
  24 yaks
  A hog (Shoals:3)
  5 hungry ghosts
  5 vampire mosquitoes (D:15)
  An acid dragon (D:15)
  3 wargs
  A soldier ant (D:13)
  7 water moccasins
  11 porcupines
  35 orc warriors
  Duvessa (D:6)
  10 ice beasts
  10 ogres
  2 black bears
  3 sky beasts
  A necrophage (D:15)
  5 boggarts
  A phantom (D:4)
  10 wolves (Lair:6)
  11 centaurs
  16 crocodiles
  19 big kobolds
  11 bullfrogs
  Dowan (D:6)
  An elf skeleton (D:15)
  2 scorpions
  A wyvern skeleton (D:13)
  34 killer bees
  17 wights
  A vampire bat (D:2)
  3 electric eels
  3 howler monkeys
  3 bullfrog zombies
  4 crimson imps
  2 draconian simulacra (IceCv)
  15 orc priests
  4 hounds
  4 bullfrog skeletons
  8 jellies
  3 human zombies (D:15)
  5 iguanas
  Terence (D:5)
  Natasha (thrice) (D:3)
  7 worker ants
  20 orc wizards
  2 spriggan simulacra (IceCv)
  2 troll simulacra (IceCv)
  A centaur simulacrum (IceCv)
  2 hound zombies
  A hound skeleton (D:5)
  3 mummies
  2 worker ant zombies
  A howler monkey skeleton (D:10)
  4 gnolls (D:5)
  8 adders
  3 naga simulacra (IceCv)
  A shadow imp (D:8)
  4 oozes
  3 adder skeletons
  3 worms
  A dart slug (D:1)
  6 leopard geckos
  64 orcs
  2 ball pythons
  8 bats
  3 bat skeletons (D:2)
  4 bat zombies (D:2)
  6 giant cockroaches
  5 goblins (D:1)
  11 hobgoblins
  4 jackals
  5 quokkas
  8 frilled lizards
  2 jackal skeletons (D:4)
  17 kobolds
  A leopard gecko skeleton (D:5)
  A quokka skeleton (D:5)
  5 rats
  A fungus (Lair:3)
  2 plants (Shoals:1)
  A tentacle (Shoals:1)
940 creatures vanquished.

Vanquished Creatures (collateral kills)
  Margery (Vaults:2)
  Arachne (Spider:4)
  A tentacled monstrosity (Vaults:5)
  Asterion (Spider:4)
  A titan (Vaults:4)
  A sphinx (Vaults:5)
  Roxanne (Shoals:4)
  A tengu reaver (Vaults:4)
  Kirke (Shoals:3)
  Ilsuiw (Shoals:4)
  A fire giant (Vaults:5)
  An orc warlord (Vaults:1)
  Louise (Shoals:4)
  2 ghost moths (Spider:4)
  6 emperor scorpions (Spider:4)
  A deep elf sorcerer (Vaults:5)
  3 vault wardens
  A deep elf elementalist (Vaults:5)
  3 entropy weavers
  10 ironheart preservers
  A war gargoyle (Vaults:4)
  4 stone giants
  A very ugly thing (Vaults:4)
  A deep elf annihilator (Vaults:1)
  3 ettins
  A deep elf high priest (Vaults:5)
  A fire dragon (Vaults:2)
  2 merfolk javelineers
  8 merfolk impalers
  4 ogre magi
  6 yaktaur captains
  An ice dragon (Vaults:3)
  23 vault guards
  6 hydras
  2 centaur warriors
  4 merfolk aquamancers (Shoals:4)
  An anaconda (shapeshifter) (Vaults:4)
  4 alligator snapping turtles
  A merfolk avatar (Shoals:3)
  9 two-headed ogres
  3 satyrs
  3 deep troll shamans
  3 death yaks
  A dancing weapon (Vaults:2)
  3 deep elf knights (Vaults:3)
  5 hell knights (Vaults:2)
  Urug (Lair:4)
  2 shadow wraiths
  3 skeletal warriors (D:15)
  10 deep trolls
  A flayed ghost (Vaults:4)
  An unseen horror (Vaults:1)
  6 sea snakes
  3 deep elf archers
  2 wizards
  2 phantasmal warriors (Vaults:4)
  13 harpies
  6 ironbrand convokers
  4 deep elf magi
  6 orc knights
  A lindwurm (shapeshifter) (Vaults:3)
  23 orb spiders
  2 necromancers
  2 orc sorcerers
  8 manticores
  18 wolf spiders
  7 fauns
  4 cyclopes
  8 merfolk sirens
  10 ugly things
  A manticore (shapeshifter) (Vaults:5)
  5 vault sentinels
  A centaur zombie (D:15)
  A human skeleton (Vaults:1)
  2 moths of wrath
  3 water nymphs
  2 elephants (Lair:6)
  3 komodo dragons
  A yaktaur (shapeshifter) (Vaults:1)
  20 yaktaurs
  7 demonic crawlers
  6 freezing wraiths
  2 polar bears (Lair:6)
  A shadow dragon simulacrum (Vaults:3)
  2 trolls
  4 wind drakes
  23 jumping spiders
  20 merfolk
  A hornet (shapeshifter) (Vaults:2)
  8 hornets
  A sphinx simulacrum (Vaults:2)
  2 blink frogs
  3 hippogriffs
  A wind drake (shapeshifter) (Vaults:2)
  5 dream sheep
  A blink frog (shapeshifter) (Vaults:5)
  A dream sheep (shapeshifter) (Vaults:1)
  A slime creature (shapeshifter) (Vaults:2)
  9 slime creatures
  14 tarantellas
  11 snapping turtles
  A yak (shapeshifter) (Vaults:2)
  48 redbacks
  A tarantella (shapeshifter) (Vaults:3)
  3 water elementals
  6 spriggans (Lair:6)
  8 yaks
  A wyvern (Lair:6)
  2 hogs (Shoals:3)
  5 wargs
  An acid dragon (Vaults:1)
  2 water moccasins
  8 orc warriors
  2 black bears (Lair:6)
  11 wolves (Lair:6)
  14 ogres
  4 centaurs
  3 crocodiles
  9 killer bees (Lair:3)
  An electric eel (Lair:3)
  A wight (D:15)
  2 human simulacra (Vaults:1)
  An orc priest (Orc:1)
  2 jellies (Lair:5)
  2 orc wizards (Orc:2)
  An ooze (Lair:5)
  15 orcs
  A bush (Lair:4)
  A crawling corpse (Vaults:5)
  23 fungi
  57 plants
  2 tentacles (Shoals:1)
683 creatures vanquished.

Vanquished Creatures (others)
  3 profane servitors
  3 bone dragons
  4 ghouls (Vaults:5)
  A war gargoyle (Vaults:5)
  7 vampire knights
  A fire dragon (Vaults:1)
  A spectral human (Vaults:2)
  A titan zombie (Vaults:5)
  3 skeletal warriors
  3 flayed ghosts
  4 phantasmal warriors
  A sphinx zombie (Vaults:5)
  4 wolf spider zombies (Spider:4)
  An ugly thing zombie (Vaults:3)
  A fire giant zombie (Vaults:5)
  A centaur zombie (Vaults:3)
  5 yaktaur zombies
  11 redback zombies
  A sea snake zombie (Shoals:2)
  5 human zombies
  A ghoul skeleton (Vaults:5)
  2 hydra zombies (Lair:6)
  2 jumping spider zombies
  An ettin zombie (Vaults:5)
  2 deep troll zombies (Vaults:5)
  A merfolk zombie (Shoals:4)
  11 flying skulls
  A redback (Spider:2)
  A wraith (Spider:3)
  6 vampires
  A human (Shoals:3)
  3 spiny frog zombies
  2 two-headed ogre zombies
  An orb spider zombie (Spider:3)
  2 hornet zombies (Vaults:3)
  An ogre skeleton (Vaults:4)
  A manticore zombie (Shoals:2)
  An elf zombie (Vaults:3)
  A boggart (Vaults:2)
  A hog zombie (Shoals:3)
  An ogre (Vaults:5)
  A vampire mosquito zombie (D:15)
  A blink frog skeleton (Lair:5)
  A rime drake zombie (Lair:6)
  A komodo dragon zombie (Lair:6)
  A hippogriff zombie (Shoals:2)
  A cyclops zombie (Shoals:3)
  A human skeleton (Vaults:4)
  A wyvern zombie (Lair:6)
  2 yaktaur skeletons
  A warg zombie (Vaults:3)
  A yak zombie (Lair:3)
  A spriggan skeleton (Lair:6)
  A wight (D:14)
  4 wolf zombies (Lair:6)
  A black bear zombie (Lair:6)
  An orc wizard (Vaults:2)
  A porcupine zombie (Lair:3)
  7 killer bee zombies (Lair:3)
  A crocodile zombie (Lair:5)
  2 ogre zombies (Vaults:4)
  2 mummies
  17 orc zombies
  An orc skeleton (D:15)
  5 fungi
  8 plants
  6 tentacles (Shoals:1)
174 creatures vanquished.

Grand Total: 1797 creatures vanquished

Notes
Turn   | Place    | Note
-------+----------+-------------------------------------------
     0 | D:1      | zhorgal the Troll Gladiator began the quest for the Orb.
     0 | D:1      | Reached XP level 1. HP: 19/19 MP: 0/0
   220 | D:1      | Reached XP level 2. HP: 28/28 MP: 1/1
   456 | D:1      | Reached XP level 3. HP: 35/35 MP: 2/2
   744 | D:2      | Found a hide-covered altar of Uskayaw.
   774 | D:2      | Reached skill level 1 in Armour
  1056 | D:2      | Reached XP level 4. HP: 34/42 MP: 3/3
  1085 | D:2      | Found a shattered altar of Ashenzari.
  1197 | D:2      | Reached skill level 4 in Unarmed Combat
  1295 | D:2      | Found an ancient bone altar of Kikubaaqudgha.
  1547 | D:3      | Found a shadowy altar of Dithmenos.
  1611 | D:3      | Reached XP level 5. HP: 49/49 MP: 4/4
  1623 | D:3      | Found a stormy altar of Qazlal.
  1623 | D:3      | Noticed Terence
  1897 | D:3      | Noticed Natasha
  1914 | D:3      | Killed Natasha
  2059 | D:3      | Noticed Natasha
  2066 | D:3      | Killed Natasha
  2151 | D:3      | Noticed Natasha
  2160 | D:3      | Killed Natasha
  2380 | D:4      | Noticed sankara's ghost (novice DrIE)
  2386 | D:4      | Reached skill level 5 in Unarmed Combat
  2386 | D:4      | Reached XP level 6. HP: 51/59 MP: 5/5
  2706 | D:4      | Killed sankara's ghost
  2706 | D:4      | Reached skill level 6 in Unarmed Combat
  2706 | D:4      | Reached XP level 7. HP: 24/67 MP: 6/6
  3294 | D:5      | Entered Level 5 of the Dungeon
  3374 | D:5      | Reached XP level 8. HP: 21/78 MP: 7/7
  3533 | D:5      | Got a glittering pewter ring
  3544 | D:5      | Identified the ring "Putemm" {Str-4 Dex+6 SInv} (You found it on level 5 of the Dungeon)
  3563 | D:5      | Found a shimmering altar of Xom.
  3788 | D:5      | Found a basalt altar of Yredelemnul.
  3949 | D:5      | Found a hazy altar of Hepliaklqana.
  3982 | D:5      | Became a worshipper of Yredelemnul the Dark
  4074 | D:5      | Reached skill level 7 in Unarmed Combat
  4129 | D:5      | Killed Terence
  4542 | D:6      | Learned a level 2 spell: Blink
  4613 | D:6      | Reached skill level 1 in Invocations
  4650 | D:6      | Noticed Duvessa
  4650 | D:6      | Noticed Dowan
  4661 | D:6      | Killed Duvessa
  4661 | D:6      | Reached skill level 1 in Evocations
  4666 | D:6      | Killed Dowan
  4743 | D:6      | Found a blossoming altar of Fedhas.
  4784 | D:6      | Found a glowing golden altar of the Shining One.
  4793 | D:6      | Reached skill level 5 in Dodging
  5014 | D:7      | Found a staircase to the Ecumenical Temple.
  5053 | D:7      | Reached XP level 9. HP: 48/85 MP: 9/9
  5375 | D:7      | Reached skill level 8 in Unarmed Combat
  5721 | D:7      | Reached skill level 5 in Fighting
  5921 | D:7      | Reached * piety under Yredelemnul
  6153 | D:8      | Found Yheloz's General Store.
  6171 | D:8      | Bought 2 potions of heal wounds for 150 gold pieces
  6254 | D:8      | You fall through a shaft for 2 floors!
  6254 | D:10     | Entered Level 10 of the Dungeon
  6315 | D:9      | Noticed Maurice
  6337 | D:9      | Killed Maurice
  6422 | D:9      | Found a snail-covered altar of Cheibriados.
  6439 | D:9      | Found Adghyug's Book Shop.
  6525 | D:9      | Noticed Gastronok
  6573 | D:9      | Killed Gastronok
  6573 | D:9      | Reached skill level 9 in Unarmed Combat
  6573 | D:9      | Reached XP level 10. HP: 55/98 MP: 10/12
  6675 | D:9      | Reached ** piety under Yredelemnul
  7033 | D:8      | Reached skill level 5 in Invocations
  7479 | D:8      | Reached XP level 11. HP: 107/107 MP: 14/14
  7501 | D:8      | Found an ornate altar of the Wu Jian Council.
  7580 | D:8      | Reached *** piety under Yredelemnul
  8144 | D:10     | Noticed Erica
  8161 | D:10     | Killed Erica
  8628 | D:10     | Noticed a two-headed ogre
  8643 | D:10     | Killed a two-headed ogre
  8750 | D:10     | Found a staircase to the Orcish Mines.
  8967 | D:10     | Reached skill level 10 in Unarmed Combat
  9008 | D:10     | Found a staircase to the Lair.
  9065 | Lair:1   | Entered Level 1 of the Lair of Beasts
  9065 | Lair:1   | Found a hazy altar of Hepliaklqana.
  9065 | Lair:1   | Noticed an oklob plant
  9074 | Lair:1   | Killed an oklob plant
  9189 | Lair:1   | Reached skill level 5 in Evocations
  9381 | Lair:1   | Received a gift from Yredelemnul (a mummy)
  9864 | Lair:1   | Noticed an oklob plant
 10151 | Lair:1   | Identified a scroll of acquirement
 10449 | Lair:2   | Reached **** piety under Yredelemnul
 11476 | Lair:3   | Noticed a four-headed hydra
 11489 | Lair:3   | Killed a four-headed hydra
 11489 | Lair:3   | Reached XP level 12. HP: 24/119 MP: 5/16
 11906 | Lair:3   | Noticed an eight-headed hydra
 11991 | Orc:1    | Entered Level 1 of the Orcish Mines
 12327 | Orc:1    | Received a gift from Yredelemnul (4 flying skulls)
 12353 | Orc:1    | Found a roughly hewn altar of Beogh.
 12622 | Orc:1    | Found a roughly hewn altar of Beogh.
 12702 | Orc:2    | Entered Level 2 of the Orcish Mines
 12725 | Orc:2    | Noticed an orc high priest
 12745 | Orc:2    | Killed an orc high priest
 12789 | Orc:2    | Noticed Stelteck's ghost (journeyman MiHu)
 13074 | Orc:2    | Killed Stelteck's ghost
 13159 | Orc:2    | Reached skill level 11 in Unarmed Combat
 13161 | Orc:2    | Noticed Snorg
 13224 | Orc:1    | Killed Snorg
 13488 | Orc:2    | Noticed an orc high priest
 13510 | Orc:2    | Killed an orc high priest
 13524 | Orc:2    | Noticed an orc high priest
 13534 | Orc:2    | Killed an orc high priest
 13903 | Orc:2    | Noticed an orc high priest
 13918 | Orc:2    | Killed an orc high priest
 13942 | Orc:2    | Found Doisuirch's Antique Weapon Shoppe.
 13942 | Orc:2    | Found Yhiogobe's Distillery.
 13948 | Orc:2    | Found Otacuxt's Magic Scroll Shoppe.
 13948 | Orc:2    | Found Urryg's Weapon Shop.
 13956 | Orc:2    | Bought a scroll of identify for 28 gold pieces
 13956 | Orc:2    | Bought a scroll of identify for 28 gold pieces
 13956 | Orc:2    | Bought a scroll of teleportation for 42 gold pieces
 13961 | Orc:2    | Bought a potion of resistance for 130 gold pieces
 13961 | Orc:2    | Bought a potion of might for 52 gold pieces
 13961 | Orc:2    | Bought a potion of agility for 52 gold pieces
 13961 | Orc:2    | Bought a potion of berserk rage for 65 gold pieces
 13961 | Orc:2    | Bought a potion of invisibility for 104 gold pieces
 14080 | Orc:1    | Reached XP level 13. HP: 75/128 MP: 15/18
 14158 | Orc:2    | Found a staircase to the Elven Halls.
 14460 | D:11     | Reached ***** piety under Yredelemnul
 14460 | D:11     | Received a gift from Yredelemnul (a mummy)
 15779 | D:12     | HP: 1/131 [enormous slime creature (56)]
 16307 | D:13     | Received a gift from Yredelemnul (a mummy)
 16503 | D:13     | Learned a level 1 spell: Summon Butterflies
 16659 | D:13     | Reached skill level 12 in Unarmed Combat
 16765 | D:13     | Found Eptaezubb's Food Emporium.
 16792 | D:13     | Learned a level 1 spell: Beastly Appendage
 17261 | D:14     | Reached skill level 10 in Fighting
 17316 | D:14     | Found a frozen archway.
 17362 | IceCv    | Entered an ice cave
 17432 | IceCv    | Received a gift from Yredelemnul (a vampire)
 18153 | D:13     | Reached XP level 14. HP: 47/144 MP: 9/19
 18246 | D:13     | Reached skill level 10 in Dodging
 18503 | D:14     | Received a gift from Yredelemnul (a wight)
 19393 | Lair:3   | Received a gift from Yredelemnul (a vampire)
 19718 | Lair:4   | Received a gift from Yredelemnul (a vampire)
 20030 | Lair:4   | Found a hole to the Spider Nest.
 20192 | Lair:4   | Noticed Urug
 20202 | Lair:4   | Killed Urug
 20404 | Lair:4   | Found a staircase to the Shoals.
 20767 | Lair:5   | Received a gift from Yredelemnul (a vampire)
 20769 | Lair:5   | Reached skill level 13 in Unarmed Combat
 20867 | Lair:5   | Found a staircase to the Slime Pits.
 20903 | Lair:5   | Received a gift from Yredelemnul (3 flying skulls)
 21175 | Lair:5   | Received a gift from Yredelemnul (4 flying skulls)
 21738 | Lair:6   | Entered Level 6 of the Lair of Beasts
 21827 | Lair:6   | Reached skill level 1 in Shields
 22097 | Lair:6   | Received a gift from Yredelemnul (a wraith)
 22114 | Lair:6   | Got a wavering amber ring
 22115 | Lair:6   | Identified the ring "Iheiha Roe" {rN+++ MR- Dex+3 Slay+4} (You found it on level 6 of the Lair of Beasts)
 22148 | Lair:6   | Reached ****** piety under Yredelemnul
 22169 | Lair:6   | Reached XP level 15. HP: 88/156 MP: 11/20
 22353 | Lair:6   | Reached skill level 5 in Armour
 22435 | Lair:6   | Paralysed by a hornet for 3 turns
 22500 | Lair:6   | Learned a level 2 spell: Passwall
 22527 | Lair:6   | Received a gift from Yredelemnul (a vampire knight)
 22930 | Lair:6   | Received a gift from Yredelemnul (a phantasmal warrior)
 23417 | D:14     | Found a gate to the Vaults.
 23575 | D:15     | Entered Level 15 of the Dungeon
 23679 | D:15     | Received a gift from Yredelemnul (a vampire)
 23706 | D:15     | Found an ancient bone altar of Kikubaaqudgha.
 24143 | D:15     | Received a gift from Yredelemnul (a skeletal warrior)
 24703 | D:15     | Found a staircase to the Depths.
 25358 | Shoals:1 | Entered Level 1 of the Shoals
 25518 | Shoals:1 | Received a gift from Yredelemnul (a ghoul)
 25545 | Shoals:1 | Noticed a kraken
 25553 | Shoals:1 | Killed a kraken
 25649 | Shoals:1 | Reached skill level 14 in Unarmed Combat
 26239 | Shoals:2 | Found Fuomnaho's Weapon Shoppe.
 26405 | Shoals:2 | Upgraded the game from 0.21.0-24-g2553a33 to 0.21.0-25-ge575cb9
 26492 | Shoals:2 | Received a gift from Yredelemnul (a bone dragon)
 26573 | Shoals:2 | Received a gift from Yredelemnul (a vampire knight)
 26634 | Shoals:2 | Reached skill level 5 in Shields
 27130 | Shoals:3 | Noticed Polyphemus
 27157 | Shoals:3 | Reached XP level 16. HP: 170/170 MP: 19/21
 27163 | Shoals:3 | Killed Polyphemus
 27190 | Shoals:3 | Received a gift from Yredelemnul (a bone dragon)
 27356 | Shoals:3 | Received a gift from Yredelemnul (a phantasmal warrior)
 27439 | Shoals:3 | Noticed Kirke
 27448 | Shoals:3 | Killed Kirke
 27695 | Shoals:3 | Received a gift from Yredelemnul (a flayed ghost)
 27977 | Spider:1 | Entered Level 1 of the Spider Nest
 28619 | Spider:1 | Received a gift from Yredelemnul (a vampire)
 29495 | Spider:2 | Received a gift from Yredelemnul (a bone dragon)
 30120 | Spider:3 | Received a gift from Yredelemnul (a vampire knight)
 30205 | Spider:3 | Received a gift from Yredelemnul (a vampire knight)
 30742 | Spider:4 | Entered Level 4 of the Spider Nest
 30768 | Spider:4 | Noticed Arachne
 30776 | Spider:4 | Killed Arachne
 30932 | Spider:4 | Received a gift from Yredelemnul (a phantasmal warrior)
 31020 | Spider:4 | Noticed Asterion
 31032 | Spider:4 | Killed Asterion
 31032 | Spider:4 | Reached skill level 15 in Unarmed Combat
 31153 | Spider:4 | Reached skill level 10 in Invocations
 31169 | Spider:4 | Reached XP level 17. HP: 152/182 MP: 13/23
 31343 | Spider:4 | Got a gossamer rune of Zot
 31833 | Shoals:4 | Entered Level 4 of the Shoals
 32031 | Shoals:4 | Noticed Ilsuiw
 32054 | Shoals:4 | Killed Ilsuiw
 32096 | Shoals:4 | Noticed Louise
 32127 | Shoals:4 | Killed Louise
 32201 | Shoals:4 | Noticed Roxanne
 32261 | Shoals:4 | Killed Roxanne
 32370 | Shoals:4 | Got a barnacled rune of Zot
 32495 | Shoals:4 | Received a gift from Yredelemnul (a ghoul)
 32612 | Shoals:4 | Learned a level 3 spell: Lesser Beckoning
 32617 | Shoals:4 | Learned a level 4 spell: Passage of Golubria
 33052 | Shoals:4 | Identified Roxanne's Grimoire of Earth (You took it off Roxanne on level 4 of the Shoals)
 33275 | Vaults:1 | Entered Level 1 of the Vaults
 33376 | Vaults:1 | Reached skill level 10 in Evocations
 33548 | Vaults:1 | Received a gift from Yredelemnul (a profane servitor)
 33789 | Vaults:1 | Received a gift from Yredelemnul (a vampire knight)
 33962 | Vaults:1 | Noticed Donald
 33974 | Vaults:1 | Killed Donald
 33974 | Vaults:1 | Enslaved Donald
 34223 | Vaults:1 | Received a gift from Yredelemnul (a profane servitor)
 34504 | Vaults:1 | Reached skill level 15 in Fighting
 34692 | Vaults:2 | Received a gift from Yredelemnul (a skeletal warrior)
 34694 | Vaults:2 | Reached XP level 18. HP: 193/193 MP: 25/25
 34695 | Vaults:2 | Your ally Donald died
 34908 | Vaults:2 | Received a gift from Yredelemnul (a flayed ghost)
 34917 | Vaults:2 | Noticed Margery
 34923 | Vaults:2 | Killed Margery
 34924 | Vaults:2 | Noticed Jory
 34940 | Vaults:2 | Killed Jory
 34940 | Vaults:2 | Reached skill level 16 in Unarmed Combat
 34962 | Vaults:2 | Received a gift from Yredelemnul (a vampire knight)
 35045 | Vaults:2 | Found a gateway to a bazaar.
 35069 | Bazaar   | Entered a bazaar
 35090 | Bazaar   | Found Ocyxor's Food Boutique.
 35104 | Bazaar   | Found Qeuruxzome's General Store.
 35118 | Bazaar   | Found Tuniho Imua's Food Boutique.
 35132 | Bazaar   | Found Vovacs's Food Shop.
 35146 | Bazaar   | Found Oxuytaqu's Food Boutique.
 35339 | Vaults:2 | Received a gift from Yredelemnul (a flayed ghost)
 35565 | Vaults:2 | Received a gift from Yredelemnul (a profane servitor)
 36088 | Vaults:2 | Received a gift from Yredelemnul (a skeletal warrior)
 36278 | Vaults:2 | Found a staircase to the Crypt.
 36278 | Vaults:2 | Found a basalt altar of Yredelemnul.
 36279 | Vaults:2 | Found an ancient bone altar of Kikubaaqudgha.
 37167 | Vaults:3 | Received a gift from Yredelemnul (a ghoul)
 37790 | Vaults:3 | Received a gift from Yredelemnul (a vampire knight)
 38962 | Vaults:4 | Received a gift from Yredelemnul (a ghoul)
 39177 | Vaults:4 | Reached XP level 19. HP: 201/201 MP: 26/26
 39476 | Vaults:5 | Entered Level 5 of the Vaults
 39480 | Vaults:5 | Noticed an ancient lich
 39661 | Vaults:4 | Received a gift from Yredelemnul (a phantasmal warrior)
 39700 | Vaults:5 | Noticed a golden dragon
 39741 | Vaults:5 | Reached skill level 17 in Unarmed Combat
 39800 | Vaults:5 | Noticed a golden dragon
 40013 | Vaults:4 | Reached skill level 10 in Shields
 40184 | Vaults:5 | Noticed an ancient lich
 40300 | Vaults:5 | Noticed an ancient lich
 40334 | Vaults:5 | Killed from afar by an ancient lich

Skill      XL: |  1  2  3  4  5  6  7  8  9 10 11 12 13 14 15 16 17 18 19 |
---------------+----------------------------------------------------------+-----
Fighting       | 2 3 4 6 7 8 10 12 13 14 15 | 15.8
Armour         | 1 2 3 4 6 7 8 9 |  9.3
Unarmed Combat | 4 5 6 7 9 10 11 12 13 14 15 16 17 | 17.5
Dodging        | 3 4 5 6 7 8 9 10 11 12 | 12.4
Invocations    | 1 4 5 6 8 9 10 11 | 11.1
Evocations     | 1 3 4 5 6 7 8 9 10 | 10.0
Shields        | 2 5 6 8 9 10 | 10.2
Throwing       | |  1.7

Action                   |  1- 3 |  4- 6 |  7- 9 | 10-12 | 13-15 | 16-18 | 19-21 || total
-------------------------+-------+-------+-------+-------+-------+-------+-------++-------
Melee: Unarmed           |    84 |   185 |   322 |   741 |  1287 |   995 |   159 ||  3773
       Punch             |       |     3 |    11 |    38 |    92 |       |       ||   144
       Flail             |       |       |       |     5 |       |       |       ||     5
Throw: Large rock        |       |       |       |       |    16 |    30 |     3 ||    49
       Tomahawk          |       |       |       |       |     6 |       |       ||     6
Invok: Recall Undead Sla |       |       |       |     1 |     6 |     8 |     2 ||    17
       Animate Dead      |       |       |       |     5 |    46 |    94 |    10 ||   155
       Drain Life        |       |       |       |       |     1 |     2 |     4 ||     7
       Enslave Soul      |       |       |       |       |       |     1 |       ||     1
Evoke: Wand              |       |       |       |     1 |    19 |    11 |       ||    31
       Lightning rod     |       |       |       |       |     3 |     5 |       ||     8
  Use: Scroll            |       |       |    20 |     8 |     9 |     7 |     3 ||    47
       Potion            |       |       |       |     3 |     1 |     2 |     5 ||    11
 Stab: Sleeping          |     2 |     1 |     2 |     3 |     8 |     9 |       ||    25
       Paralysed         |       |       |       |       |     8 |     4 |     1 ||    13
       Distracted        |       |       |       |       |    12 |    24 |     2 ||    38
       Confused          |       |       |       |       |     1 |       |       ||     1
       Petrifying        |       |       |       |       |     1 |       |       ||     1
       Petrified         |       |       |       |       |       |     8 |       ||     8
  Eat: Chunk             |    15 |    15 |    38 |    79 |   141 |   140 |     8 ||   436
       Ration            |       |       |       |       |     5 |     5 |       ||    10
Armor: Robe              |    28 |    75 |    53 |    88 |     6 |     3 |       ||   253
       Troll leather arm |       |       |       |    29 |   206 |    51 |       ||   286
       Shadow dragon sca |       |       |       |       |       |   242 |    79 ||   321
Dodge: Dodged            |    47 |   136 |   170 |   470 |   666 |   453 |    94 ||  2036
Block: Large shield      |       |       |       |       |   376 |       |   123 ||   499
       Shield            |       |       |       |       |    29 |   535 |    44 ||   608
